AoeStats
← jaime001254

MegaRandom

509522232Analyzed
3v3 RM · 5d ago on Sep 27, 2026· 65m 31s· 6 players
Game mode
Random Map
Map size
Normal (6 player)
Population
200
Speed
Normal
Resources
Standard
Victory
Conquest
Starting age
Dark Age
Ending age
Imperial Age
RankedLock teamsTeams togetherTeam positionsShared explorationLock speedFull tech treeHidden civsTurbo modeCheats
Victory
Defeat
🇨🇴 Hindustanis · Colombia
1043
+14
🇨🇴 Turks · Colombia
1042
+14
🇨🇴 Vikings · Colombia
1034
+14
🇧🇷 Hindustanis · Brazil
1056
-17
🇧🇷 Franks · Brazil
979
-13
🇧🇷 Ethiopians · Brazil
941
-12
DarkRyu
0:47 Loom
10:49 Feudal Age
14:43 Castle Age
13:07 Double-Bit Axe
18:57 Bloodlines
19:04 Forging
19:00 Scale Barding Armor
21:24 Husbandry
22:39 Town Watch
26:30 Wheelbarrow
27:06 Horse Collar
27:40 Bow Saw
27:23 Gold Mining
28:54 Hand Cart
34:56 Imperial Age
32:13 Town Watch
34:03 Chain Barding Armor
34:18 Iron Casting
34:58 Heavy Camel Rider
36:16 Plate Barding Armor
37:09 Two-Man Saw
37:14 Blast Furnace
36:51 Gold Shaft Mining
36:07 Stone Mining
37:34 Fletching
38:37 Imperial Camel Rider
39:49 Light Cavalry
44:54 Masonry
45:01 Town Patrol
45:47 Heavy Plow
48:51 Caravan
49:31 Bodkin Arrow
50:12 Conscription
49:55 Grand Trunk Road
jaime001254
0:37 Loom
13:15 Feudal Age
17:15 Wheelbarrow
21:28 Castle Age
26:33 Fishing Lines
27:25 Crossbowman
33:52 Horse Collar
34:06 Gold Mining
34:08 Stone Mining
34:07 Double-Bit Axe
35:50 Ballistics
35:13 Treadmill Crane
39:58 Imperial Age
39:29 Bow Saw
40:20 Gold Shaft Mining
40:04 Heavy Plow
40:48 Masonry
41:11 Conscription
41:10 Padded Archer Armor
41:06 Fletching
41:17 Elite Janissary
44:40 Leather Archer Armor
45:07 Gillnets
45:41 Thumb Ring
50:41 Two-Man Saw
52:49 Husbandry
52:59 Bloodlines
56:28 Bodkin Arrow
57:20 Ring Archer Armor
58:47 Forging
58:50 Scale Barding Armor
60:29 Iron Casting
60:15 Chain Barding Armor
60:33 Caravan
62:42 Blast Furnace
62:22 Plate Barding Armor
63:39 Town Watch
64:10 Hand Cart
64:22 Hand Cart
yo
8:00 Loom
9:46 Feudal Age
11:41 Double-Bit Axe
12:26 Horse Collar
20:27 Castle Age
22:18 Fletching
22:29 Padded Archer Armor
23:41 Crossbowman
24:21 Bodkin Arrow
24:41 Leather Archer Armor
24:47 Masonry
26:00 Ballistics
29:24 Scale Mail Armor
29:34 Forging
29:48 Squires
29:49 Town Watch
32:01 Arson
33:37 Chain Mail Armor
34:53 Iron Casting
40:00 Bow Saw
45:55 Imperial Age
44:07 Elite Skirmisher
48:24 Ring Archer Armor
48:54 Gold Mining
51:06 Elite Varangian Guard
51:28 Pikeman
57:40 Conscription
58:56 Caravan
60:03 Hoardings
63:04 Bracer
64:06 Blast Furnace
66:54 Two-Man Saw
65:56 Heavy Plow
Battering_Rama!
0:53 Loom
10:22 Feudal Age
10:30 Man-at-Arms
20:46 Fletching
25:51 Castle Age
26:39 Elite Skirmisher
28:08 Bodkin Arrow
29:36 Forging
29:28 Scale Mail Armor
29:49 Horse Collar
30:17 Double-Bit Axe
30:55 Heavy Plow
31:12 Crossbowman
32:56 Padded Archer Armor
33:04 Squires
35:35 Thumb Ring
36:29 Wheelbarrow
38:17 Ballistics
38:20 Hand Cart
39:54 Leather Archer Armor
45:02 Imperial Age
43:32 Light Cavalry
44:39 Chain Mail Armor
45:24 Husbandry
46:44 Chemistry
45:52 Bracer
46:28 Conscription
47:30 Ring Archer Armor
47:15 Bow Saw
47:07 Gold Mining
47:13 Town Watch
48:26 Scale Barding Armor
50:08 Plate Mail Armor
50:45 Iron Casting
54:39 Onager
Jabutinhoso
0:48 Loom
10:08 Feudal Age
13:32 Double-Bit Axe
18:41 Gold Mining
22:36 Castle Age
21:59 Forging
21:56 Scale Barding Armor
23:59 Iron Casting
23:40 Elite Skirmisher
25:10 Chain Barding Armor
36:30 Fletching
44:40 Wheelbarrow
46:56 Husbandry
46:55 Bodkin Arrow
52:08 Imperial Age
52:48 Cavalier
58:02 Pikeman
60:39 Blast Furnace
59:41 Scale Mail Armor
60:12 Halberdier
Fernaodomal
0:52 Loom
11:11 Feudal Age
15:07 Castle Age
16:18 Town Watch
17:23 Double-Bit Axe
19:08 Bow Saw
20:48 Wheelbarrow
21:17 Fishing Lines
25:04 Forging
27:20 Gillnets
29:47 Scale Barding Armor
30:08 Husbandry
33:10 Imperial Age
35:16 Shatagni
37:15 Chemistry
36:39 Heavy Camel Rider
37:31 Bloodlines
39:55 Iron Casting
38:55 Imperial Camel Rider
48:05 Elite Ghulam
48:25 Onager
59:51 Conscription
61:50 Blast Furnace
61:12 Chain Barding Armor
61:25 Padded Archer Armor
Connection lost

Rejoining the realm…

Still unreachable

The connection could not be restored.

Session expired

The server has moved on; the page needs a fresh start.